 Dungeon Crawl Stone Soup version 0.25-a0-294-gea9b1ad378 (webtiles) character file.

Game seed: 2915069336328122541, levelgen mode: classic

7047 Borgoz the Cruncher (level 11, 0/68 HPs)
             Began as a Gargoyle Gladiator on Dec 17, 2019.
             Was a High Priest of Okawaru.
             Slain by a yak (7 damage)
             ... on level 9 of the Dungeon.
             The game lasted 00:17:01 (11012 turns).

Borgoz the Cruncher (Gargoyle Gladiator)           Turns: 11012, Time: 00:17:01

Health: 0/68       AC: 18    Str: 19    XL:     11   Next: 9%
Magic:  14/14      EV: 15    Int:  9    God:    Okawaru [*****.]
Gold:   564        SH:  4    Dex: 13    Spells: 10/10 levels left

rFire    + . .     SeeInvis .   a - +0 quarterstaff
rCold    . . .     Gourm    .   (shield currently unavailable)
rNeg     + . .     Faith    +   b - +0 leather armour
rPois    ∞         Spirit   .   c - +0 helmet
rElec    +         Reflect  .   C - +1 cloak {MR+}
rCorr    .         Harm     .   l - +0 pair of gloves
MR       +....     Clarity  +   B - +0 pair of boots
Stlth    ++........             m - amulet of faith
HPRegen  0.21/turn              z - ring of protection from fire
MPRegen  0.14/turn              (no ring)

@: berserk cooldown, slowed, very slow
A: large bone plates 1, camouflage 1, clarity, deterioration 1, negative energy
resistance 1, electricity resistance, unbreathing, petrification resistance, rot
immunity, AC +8
a: Heroism, Finesse, Renounce Religion


You were on level 9 of the Dungeon.
You worshipped Okawaru.
Okawaru was extremely pleased with you.
You were not hungry.

You visited 2 branches of the dungeon, and saw 10 of its levels.
You also visited: Ossuary.

You collected 564 gold pieces.

Inventory:

Hand Weapons
 a - a +0 quarterstaff (weapon)
Missiles
 d - a throwing net (quivered)
Armour
 b - a +0 leather armour (worn)
 c - a +0 helmet (worn)
 l - a +0 pair of gloves (worn)
 t - a +1 plate armour of fire resistance
 B - a +0 pair of boots (worn)
 C - a +1 cloak of magic resistance (worn)
Jewellery
 m - an amulet of faith (around neck)
 r - an uncursed amulet of the gourmand
 z - a ring of protection from fire (left hand)
Wands
 e - a wand of acid (2)
 v - a wand of iceblast (23)
 y - a wand of polymorph (8)
 D - a wand of disintegration (12)
Scrolls
 g - 2 scrolls of identify
 h - 3 scrolls of teleportation
 k - 5 scrolls of amnesia
 n - 8 scrolls of remove curse
 p - a scroll of enchant armour
 s - a scroll of blinking
 x - a scroll of fog
 F - a scroll of summoning {unknown}
Potions
 i - a potion of agility
 j - 3 potions of curing
 o - 5 potions of flight
 q - a potion of might
 w - 2 potions of heal wounds
 A - a potion of magic
 G - a potion of cancellation
Comestibles
 f - 20 rations
 E - 3 chunks of flesh


   Skills:
 + Level 8.2 Fighting
 * Level 10.6 Staves
 - Level 2.2 Throwing
 + Level 7.5 Armour
 + Level 6.5 Dodging
 + Level 4.7 Invocations


You had 10 spell levels left.
You didn't know any spells.
Your spell library contained the following spells:

 Spells                   Type           Power        Failure   Level  Hunger
 Beastly Appendage        Tmut           #.....       43%         1    ##.....
 Sticks to Snakes         Tmut           #.......     56%         2    ###....
 Spider Form              Tmut/Pois      #.........   80%         3    ####...
 Ice Form                 Ice/Tmut       #.......     99%         4    #####..
 Blade Hands              Tmut           #.........   100%        5    ######.


Dungeon Overview and Level Annotations

Branches:
Dungeon (9/15)             Temple (1/1) D:4            Lair (0/6) D:9
Ossuary (visited)
    Orc: D:9-12

Altars:
Ashenzari
Cheibriados
Dithmenos
Elyvilon
Fedhas
Gozag
Hepliaklqana
Kikubaaqudgha
Makhleb
Nemelex Xobeh
Okawaru
Qazlal
Ru
Sif Muna
Trog
Uskayaw
Vehumet
Wu Jian
Xom
Yredelemnul
Zin
The Shining One
Beogh

Shops:
D:7 =   D:8 :(


Innate Abilities, Weirdness & Mutations

You are resistant to torment.
Your stone body is resilient. (AC +8)
You are immune to poison.
You resist negative energy. (rN+)
You are resistant to electric shocks. (rElec)
You can survive without breathing.
You are immune to petrification.
You are immune to rotting.
You are partially covered in large bone plates. (SH +4)
Your skin changes colour to match your surroundings (Stealth+).
You possess an exceptional clarity of mind.
Your body sometimes deteriorates upon taking damage.


Message History

The yak struggles against the net.
The yak gores you but does no damage.
You sock the yak!
The yak is heavily wounded.
The yak struggles against the net.
The yak closely misses you.
The yak struggles against the net.
You barely miss the yak.
The yak is heavily wounded.
The yak misses you.
The yak struggles against the net.
You sock the yak!
The yak is severely wounded.
The yak misses you.
The yak struggles against the net.
The net rips apart, and the yak comes free!
The yak gores you.
* * * LOW HITPOINT WARNING * * *
You hit the yak.
The yak is almost dead.
The yak gores you.
* * * LOW HITPOINT WARNING * * *
The yak gores you!
You die...

.## #### ..# ##...##
#.## ##.....## #..#####
#.......# ##.....#
#.......#
.#####.########†......#
..## #.#........$....##
...# #........##YY...##
...# ###......#.@.....#
...# #.....##.....!.#
...# ########.......#
...# ##.....## ..##
.....## ...# .##..#
...#### # ..# .(....#
..# _..####


You could see 2 yaks.

Vanquished Creatures
  Pikel (D:8)
  2 yaks (D:9)
  A wyvern (D:8)
  Sigmund (D:4)
  2 wargs (D:8)
  Duvessa (D:5)
  5 ice beasts
  4 slaves (D:8)
  A phantom (D:6)
  2 orc warriors (D:8)
  5 ogres
  A crocodile (D:8)
  5 centaurs
  2 bullfrogs
  2 gnoll sergeants
  Dowan (D:5)
  3 water moccasin zombies (Ossuary)
  A wyvern skeleton (D:8)
  4 scorpions
  8 killer bees
  7 howler monkeys
  6 wights
  2 bullfrog zombies (D:5)
  6 crimson imps
  A quasit (D:6)
  3 jellies
  11 orc priests
  6 hounds
  4 bullfrog skeletons
  3 centaur skeletons
  3 iguanas
  6 orc wizards
  11 worker ants
  2 killer bee zombies (D:7)
  2 big kobold zombies (Ossuary)
  4 hound zombies
  A hound skeleton (D:4)
  3 mummies
  8 gnolls
  12 adders
  3 shadow imps
  2 oozes (D:1)
  4 adder zombies (Ossuary)
  An adder skeleton (D:9)
  6 worms
  3 dart slugs
  5 leopard geckos
  55 orcs
  7 bats
  2 giant cockroaches
  2 gnoll zombies (Ossuary)
  12 goblins
  16 hobgoblins
  11 jackals
  5 kobolds
  A quokka (D:6)
  2 ball pythons
  10 frilled lizards
  8 hobgoblin zombies (Ossuary)
  A jackal skeleton (D:6)
  A jackal zombie (D:5)
  2 kobold zombies (Ossuary)
  3 orc zombies (Ossuary)
  10 rats
325 creatures vanquished.

Vanquished Creatures (others)
  Maurice (D:8)
1 creature vanquished.

Grand Total: 326 creatures vanquished

Notes
Turn   | Place    | Note
-------+----------+-------------------------------------------
     0 | D:1      | Borgoz the Gargoyle Gladiator began the quest for the Orb.
     0 | D:1      | Reached XP level 1. HP: 12/12 MP: 1/1
    68 | D:1      | Reached XP level 2. HP: 18/18 MP: 2/2
   427 | D:1      | Reached XP level 3. HP: 22/22 MP: 3/3
  1303 | D:2      | Reached XP level 4. HP: 21/27 MP: 4/4
  1319 | D:2      | Reached skill level 1 in Armour
  1797 | D:2      | Reached skill level 4 in Staves
  2023 | D:3      | Reached XP level 5. HP: 32/32 MP: 5/5
  2293 | D:3      | Found a stormy altar of Qazlal.
  2379 | D:3      | Reached XP level 6. HP: 14/37 MP: 6/6
  3170 | D:4      | Noticed Sigmund
  3202 | D:4      | Killed Sigmund
  3202 | D:4      | Reached skill level 5 in Staves
  3202 | D:4      | Reached XP level 7. HP: 27/43 MP: 7/7
  3432 | D:4      | Found an iron altar of Okawaru.
  3455 | D:4      | Became a worshipper of Warmaster Okawaru
  3599 | D:4      | Found a sacrificial altar of Ru.
  3746 | D:4      | Found a staircase to the Ecumenical Temple.
  3756 | Temple   | Entered the Ecumenical Temple
  3999 | D:4      | Found a glowing silver altar of Zin.
  3999 | D:4      | Found a burning altar of Makhleb.
  4000 | D:4      | Noticed a balrug
  4000 | D:4      | Noticed an angel
  4004 | D:4      | Reached * piety under Okawaru
  4004 | D:4      | Reached skill level 6 in Staves
  4261 | D:5      | Entered Level 5 of the Dungeon
  4270 | D:5      | Reached XP level 8. HP: 43/48 MP: 8/8
  4345 | D:5      | Reached skill level 5 in Fighting
  4437 | D:5      | Found a shattered altar of Ashenzari.
  4497 | D:5      | Reached skill level 7 in Staves
  4931 | D:5      | Found a snail-covered altar of Cheibriados.
  4932 | D:5      | Found a sparkling altar of Nemelex Xobeh.
  5061 | D:5      | Reached ** piety under Okawaru
  5155 | D:6      | Noticed Duvessa
  5155 | D:6      | Noticed Dowan
  5171 | D:5      | Killed Duvessa
  5179 | D:5      | HP: 1/50 [worker ant (5)]
  5181 | D:5      | Killed Dowan
  5611 | D:6      | Reached skill level 5 in Armour
  5627 | D:6      | Reached XP level 9. HP: 37/55 MP: 9/9
  6009 | D:6      | Reached skill level 5 in Dodging
  6063 | D:6      | Gained mutation: You are partially covered in large bone
                  | plates. (SH +4) [potion of mutation]
  6063 | D:6      | Gained mutation: Your body sometimes deteriorates upon
                  | taking damage. [potion of mutation]
  6063 | D:6      | Gained mutation: Your skin changes colour to match your
                  | surroundings (Stealth+). [potion of mutation]
  6063 | D:6      | Gained mutation: You possess an exceptional clarity of
                  | mind. [potion of mutation]
  6068 | D:6      | Reached skill level 8 in Staves
  6115 | D:6      | Reached *** piety under Okawaru
  6217 | D:6      | Received a gift from Okawaru
  6623 | D:6      | Found an ancient bone altar of Kikubaaqudgha.
  6776 | D:7      | Reached skill level 1 in Invocations
  6779 | D:7      | Found a sand-covered staircase.
  6794 | Ossuary  | Entered an ossuary
  7251 | D:7      | Found an opulent altar of Gozag.
  7290 | D:7      | Reached skill level 9 in Staves
  7556 | D:7      | Reached XP level 10. HP: 61/61 MP: 11/11
  7610 | D:7      | Found a glowing golden altar of the Shining One.
  7928 | D:7      | Reached **** piety under Okawaru
  8047 | D:7      | Found Zeozenuz's Jewellery Boutique.
  8420 | D:8      | Received a gift from Okawaru
  8961 | D:8      | Noticed Pikel
  9011 | D:8      | Killed Pikel
  9301 | D:8      | Found Jiyfenk's Antique Weapon Shop.
  9359 | D:8      | Noticed Maurice
  9400 | D:8      | Killed Maurice
  9400 | D:8      | Reached skill level 10 in Staves
  9567 | D:8      | Found a roughly hewn altar of Beogh.
  9885 | D:8      | Found Exzacem's Book Emporium.
  9945 | D:8      | Found an ornate altar of the Wu Jian Council.
 10183 | D:9      | Found a staircase to the Lair.
 10205 | D:8      | Reached ***** piety under Okawaru
 10664 | D:9      | Found a bloodstained altar of Trog.
 10705 | D:9      | Reached XP level 11. HP: 68/68 MP: 14/14
 11012 | D:9      | Slain by a yak

Levels and vault maps discovered:
D:1:      evilmike_arrival_run_for_it, layout_loops_corners, serial_forest,
          infiniplex_forest_straight_4, infiniplex_forest_join,
          infiniplex_forest_lined_4_way, infiniplex_forest_clump_long,
          infiniplex_forest_end_2, infiniplex_forest_straight_2,
          infiniplex_forest_clump_curved, hangedman_feature_mirror,
          minmay_fountain_box
D:2:      layout_loops_ring, minmay_goblin_outpost
D:3:      layout_loops_ring, lemuel_doored_altar, grunt_ministairs_11,
          minmay_between
D:4:      layout_loops_ring, grunt_temple_overflow_order_and_chaos_2,
          nicolae_ru_awakened_eye, okawaru_metal_pillars_3, temple_green,
          uniq_sigmund
D:5:      layout_cave_pools, gammafunk_temple_overflow_forgotten, first_ration
D:6:      layout_cave_pools, nicolae_overflow_hidden_temple,
          grunt_decor_arrowhead, grunt_tough_drop, uniq_duvessa
D:7:      layout_basic, lemuel_round_altar, gup_ossuary_entry_pyramid,
          serial_shops, nicolae_shop_stone, grunt_ogre_cave,
          nicolae_gozag_cash_rules_everything_around_me
D:8:      layout_loops_ring, kennysheep_mini, special_room [special_room_orc],
          serial_shops, shop, shop, skrybe_limestone_x, uniq_pikel, uniq_maurice
D:9:      minmay_slanted_spiral_squares, layout_rooms, bloody_trog,
          erik_lair_orcish_takeover, kennysheep_generic_room_7
Temple:   compressed_dpeg_circular_temple

Skill      XL: |  1  2  3  4  5  6  7  8  9 10 |
---------------+-------------------------------+-----
Throwing       | 2 |  2.2
Armour         | 1 2 3 5 6 7 |  7.5
Fighting       | 3 4 5 6 8 |  8.2
Dodging        | 3 4 5 6 |  6.5
Staves         | 4 5 6 7 9 10 | 10.6
Invocations    | 2 4 |  4.7

Action                   |  1- 3 |  4- 6 |  7- 9 | 10-12 || total
-------------------------+-------+-------+-------+-------++-------
Melee: Quarterstaff      |   128 |   196 |   668 |   531 ||  1523
Throw: Throwing net      |       |     1 |     1 |     5 ||     7
Invok: Heroism           |       |       |     6 |     7 ||    13
  Use: Potion            |       |     3 |     7 |     1 ||    11
       Scroll            |       |       |     7 |     4 ||    11
 Stab: Sleeping          |       |     2 |     2 |     4 ||     8
       Distracted        |       |       |       |     1 ||     1
       Held in net/web   |       |       |       |     1 ||     1
  Eat: Ration            |     1 |       |       |       ||     1
       Chunk             |       |    23 |     7 |    11 ||    41
Armor: Leather armour    |    50 |    92 |   277 |   200 ||   619
       Skin              |       |     5 |    15 |       ||    20
Dodge: Dodged            |    78 |   126 |   541 |   363 ||  1108
Block: Other             |       |       |    90 |    82 ||   172

Table legend:
 A = Non-vault XP
 B = Vault XP
 C = Vault XP percentage of total XP
 D = Non-vault monster count
 E = Vault monster count
 F = Vault count percentage of total count
                 A         B        C        D         E       F
            +---------+---------+-------+---------+---------+-------
      Total |    7135 |    2933 |  29.1 |     245 |      77 |  23.9
            +---------+---------+-------+---------+---------+-------
        D:1 |      51 |      15 |  22.7 |      22 |       7 |  24.1
        D:2 |      86 |      11 |  11.3 |      16 |       6 |  27.3
        D:3 |     178 |      10 |   5.3 |      41 |       5 |  10.9
        D:4 |     585 |     212 |  26.6 |      22 |       1 |   4.3
        D:5 |     917 |     225 |  19.7 |      24 |       2 |   7.7
        D:6 |    1456 |       0 |   0.0 |      41 |       0 |   0.0
        D:7 |     914 |     140 |  13.3 |      22 |       2 |   8.3
        D:8 |    1907 |    1682 |  46.9 |      40 |      21 |  34.4
        D:9 |    1041 |     283 |  21.4 |      17 |       7 |  29.2
    Ossuary |       0 |     355 | 100.0 |       0 |      26 | 100.0
            +---------+---------+-------+---------+---------+-------
